 Dungeon Crawl Stone Soup version 0.30-a0-393-g54b8e3be05 (webtiles) character file.

Game seed: 5832983198282187255

161 MacCMillion the Chopper (level 5, 0/45 HPs)
             Began as a Hill Orc Fighter on Dec 5, 2022.
             Succumbed to an orc wizard's poison
             ... on level 3 of the Dungeon.
             The game lasted 00:04:19 (2675 turns).

MacCMillion the Chopper (Hill Orc Fighter)          Turns: 2675, Time: 00:04:20

Health: 0/45       AC: 10    Str: 21    XL:     5   Next: 42%
Magic:  14/14      EV:  7    Int:  8    God:
Gold:   42         SH:  4    Dex: 10    Spells: 4/4 levels left

rFire   . . .      SeeInvis .    k - +0 hand axe
rCold   . . .      Faith    .    c - +0 buckler
rNeg    . . .      Spirit   .    g - +0 chain mail
rPois   .          Reflect  .    (no helmet)
rElec   .          Harm     .    e - +0 cloak
rCorr   .          Rampage  .    (no gloves)
Will    .....                    (no boots)
Stlth   ..........               (no amulet)
HPRegen 0.27/turn                f - ring of magical power
MPRegen 0.14/turn                (no ring)

@: lethally poisoned (0 -> -12), invisible
A: no striking features
a: no special abilities


You were on level 3 of the Dungeon.
You visited 1 branch of the dungeon, and saw 3 of its levels.

You collected 97 gold pieces.
You spent 55 gold pieces at shops.

Inventory:

Hand Weapons
 a - a +0 war axe
 k - a +0 hand axe (weapon)
Armour
 b - a +0 scale mail
 c - a +0 buckler (worn)
 e - a +0 cloak (worn)
 g - a +0 chain mail (worn)
Jewellery
 f - a ring of magical power (left hand)
 o - an amulet of faith
Scrolls
 h - a scroll of immolation {unknown}
 i - 3 scrolls of identify {unknown}
 j - a scroll of teleportation {unknown}
 l - a scroll of poison {unknown}
 n - a scroll of vulnerability {unknown}
 r - a scroll of summoning {unknown}
 t - a scroll of brand weapon {unknown}
 u - a scroll of fear {unknown}
 v - a scroll of enchant armour {unknown}
Potions
 d - a potion of might
 m - a potion of invisibility
 p - a potion of degeneration {unknown}
 q - a potion of brilliance {unknown}
 s - a potion of berserk rage


   Skills:
 - Level 3.6 Fighting
 + Level 6.7 Axes
 - Level 3.2 Armour
 - Level 4.0 Shields


You had 4 spell levels left.
You didn't know any spells.
Your spell library contained the following spells:

 Spells                   Type           Power      Damage    Failure   Level
 Ignite Poison            Fire/Tmut/Pois 0%         N/A       100%        3
 Kindle Blastsparks       Fire/Tloc/Air  0%         2d10      100%        3
 Freezing Cloud           Conj/Ice/Air   0%         6-21      100%        5


Dungeon Overview and Level Annotations

Branches:
Dungeon (3/15)

Altars:
Vehumet

Shops:
D:3 !

Annotations:
D:1 1 runed translucent door


Message History

Pain shoots through your body!
You are too injured to fight recklessly!
You are too injured to fight recklessly!
You are too injured to fight recklessly!
You are too injured to fight recklessly!
You hit the orc priest.
The orc priest is almost dead.
The orc priest closely misses you.
You hit the orc priest.
The orc priest is almost dead.
The orc priest begins to cast a cantrip, but forgets the words!
The orc priest hits you with a +0 mace.
You closely miss the orc priest.
The orc priest is almost dead.
The orc priest barely misses you.
You closely miss the orc priest.
The orc priest is almost dead.
The orc priest threatens, "By the altar or by the axe, you will meet Beogh!"
You block the orc priest's attack.
You hit the orc priest but do no damage.
The orc priest is almost dead.
The orc priest barely misses you.
You hit the orc priest but do no damage.
The orc priest is almost dead.
The orc priest invokes the aid of Beogh against you.
Beogh smites you!
* * * LOW HITPOINT WARNING * * *
You hit the orc priest.
You kill the orc priest!
Something completely misses you.
Items here: ))) [ ††.
You closely miss something. Something hits you but does no damage.
You are lethally poisoned!
You closely miss something.
* * * LOW HITPOINT WARNING * * *
You feel sick. Something hits you but does no damage.
You are more poisoned.
It was a potion of invisibility.
You fade into invisibility!
You die...

### #<# #.# #.# #.# #.#
#{# #@# ######## #.#
#......#
#####.######......#
#............†..#####.
#...###.######..........
.. #.# #.....#.#.. #.#
#...#.....#
8.8#####.....#.#.. ...
..##.#........


There were no monsters in sight!

Vanquished Creatures
  A jelly (D:3)
  An orc priest (D:3)
  2 adders (D:2)
  4 dart slugs
  8 orcs (D:3)
  2 ball pythons (D:2)
  9 endoplasms
  2 giant cockroaches
  8 goblins
  8 hobgoblins
  2 quokkas (D:1)
  4 bats
  A frilled lizard (D:1)
  6 kobolds
  5 rats
63 creatures vanquished.

Notes
Turn   | Place    | Note
-------+----------+-------------------------------------------
     0 | D:1      | MacCMillion the Hill Orc Fighter began the quest for the
                  | Orb.
     0 | D:1      | Reached XP level 1. HP: 19/19 MP: 1/1
     0 | D:1      | Noticed a jelly
     2 | D:1      | Found a runed translucent door.
   104 | D:1      | Reached skill level 3 in Axes
   148 | D:1      | Reached XP level 2. HP: 22/26 MP: 2/2
   578 | D:1      | Reached XP level 3. HP: 30/31 MP: 3/3
   754 | D:1      | Reached skill level 4 in Axes
  1244 | D:2      | Reached XP level 4. HP: 35/39 MP: 4/4
  1346 | D:2      | Reached skill level 5 in Axes
  2163 | D:3      | Found a faded altar of an unknown god.
  2288 | D:3      | Found Xassuvux's Distillery.
  2291 | D:3      | Bought a potion of berserk rage for 55 gold pieces
  2331 | D:3      | Reached skill level 6 in Axes
  2331 | D:3      | Reached XP level 5. HP: 23/45 MP: 5/5
  2605 | D:3      | Found a radiant altar of Vehumet.
  2674 | D:3      | HP: 2/45 [poisoned by an orc wizard]
  2675 | D:3      | Succumbed to an orc wizard's poison

Illustrated notes

Levels and vault maps discovered:
D:1:      dpeg_arrival_caged_fury, layout_loops_corners, minmay_misc_feat_rugged
D:2:      layout_basic, kennysheep_generic_room_13
D:3:      layout_basic, nicolae_vehumet_radiance, serial_shops,
          nicolae_shop_behind_doors, hellmonk_ecumenical_altar_arch_garden,
          kennysheep_small_spiral, small_statue_intersection,
          nicolae_underground_beach

Skill      XL: |  1  2  3  4 |
---------------+-------------+-----
Axes           | 3 4 6 |  6.7
Shields        | 4 |  4.0
Fighting       | |  3.6
Armour         | |  3.2

Action                   |  1- 3 |  4- 6 || total
-------------------------+-------+-------++-------
Melee: War axe           |   122 |     3 ||   125
       Hand axe          |       |   141 ||   141
  Use: Potion            |       |     1 ||     1
Armor: Scale mail        |    44 |       ||    44
       Chain mail        |    29 |    68 ||    97
Dodge: Dodged            |    48 |    33 ||    81
Block: Buckler           |    33 |    26 ||    59

Table legend: (Time is in decaauts)
 A = Elapsed time spent in this place.
 B = Non-inter-level travel time spent in this place.
 C = Inter-level travel time spent in this place.
 D = Time resting spent in this place.
 E = Time spent auto-exploring this place.
 F = Levels seen in this place.
 G = Mean time per level.
                   A        B        C        D        E       F      G
               +--------+--------+--------+--------+--------+-----+--------+
         Total |   2728 |   2697 |     31 |    231 |   1879 |   3 |  909.3 |
       Dungeon |   2728 |   2697 |     31 |    231 |   1879 |   3 |  909.3 |
               +--------+--------+--------+--------+--------+-----+--------+

Top non-repeatable levels by time:
     D:1: 1121 daAuts
     D:2: 1079 daAuts
     D:3: 527 daAuts
